 Dungeon Crawl Stone Soup version 0.17-a0-1793-gcbb3aa1 (webtiles) character file.

386 luca467 the Insei (level 6, -3/48 HPs)
             Began as a Demonspawn Monk on Sept 9, 2015.
             Killed by divine providence
             ... invoked by an orc priest
              (10 damage)
             ... on level 4 of the Dungeon.
             The game lasted 00:15:54 (3625 turns).

luca467 the Insei (Demonspawn Monk)                 Turns: 3625, Time: 00:15:54

Health: -3/48      AC:  9    Str: 11    XL:     6   Next: 48%
Magic:  6/6        EV: 14    Int: 12    God:
Gold:   197        SH:  0    Dex: 16    Spells: 0 memorised, 5 levels left

rFire  . . .     SeeInvis .       - Unarmed
rCold  . . .     Clarity  .     a - +0 robe
rNeg   . . .     SustAt   .     (no shield)
rPois  .         Gourm    .     (no helmet)
rElec  .         Spirit   .     (no cloak)
rCorr  .         Warding  .     m - +2 pair of gloves
rMut   .         Stasis   .     (no boots)
MR     .....                    (no amulet)
Stlth  ++++......               (no ring)
                                (no ring)

@: not resistant to hostile enchantments, stealthy
A: talons 1, rough black scales 1, demonic guardian 1, nightstalker 2
a: no special abilities


You were on level 4 of the Dungeon.
You were very hungry.

You visited 1 branch of the dungeon, and saw 4 of its levels.

You collected 197 gold pieces.

Inventory:

Armour
 a - a +0 robe (worn)
 m - a +2 pair of gloves (worn)
Scrolls
 c - 4 scrolls of teleportation
 d - 2 scrolls of blinking {unknown}
 e - 3 scrolls of identify
 f - 5 scrolls of remove curse
 g - a scroll of magic mapping {unknown}
 i - a scroll of amnesia {unknown}
Potions
 h - a potion of flight {unknown}
 j - a potion of brilliance {unknown}
 k - a potion of haste {unknown}
 l - a potion of mutation {unknown}
Comestibles
 b - 3 bread rations


   Skills:
 + Level 4.2 Fighting
 + Level 3.6 Dodging
 + Level 3.1 Stealth
 * Level 5.5 Unarmed Combat


You had 5 spell levels left.
You didn't know any spells.

Dungeon Overview and Level Annotations

Branches:
Dungeon (4/15)
 Temple: D:4-7

Altars:
Ashenzari
Elyvilon
Trog


Innate Abilities, Weirdness & Mutations

You have sharp toenails.
You are partially covered in rough black scales (AC +4, Dex -1).
A weak demonic guardian rushes to your aid.
You are significantly more attuned to the shadows.


Message History

The orc priest is lightly wounded.
Your white imp disappears in a puff of smoke!
The orc priest calls down the wrath of Beogh upon you.
Something smites you!
* * * LOW HITPOINT WARNING * * *
You hear a shout! x2
A worker ant comes into view.
The worker ant twitches its antennae in your direction.
You hear a shout!
You closely miss the orc priest.
You claw the orc priest, but do no damage.
The orc priest is lightly wounded.
The orc priest completely misses you.
You barely miss the orc priest.
The orc priest is lightly wounded.
You hit the orc priest.
The orc priest is moderately wounded.
The orc priest invokes the aid of Beogh against you.
Something smites you!
You die...

#......#
#.....#
##......#
#...♣..
#.......#
#......
#.......#
#......
#..........
#......
#.......###
#######
#....####
#.. #...†#
#.#
#.@..####
#.#
#o.......
#..
.)....#####
# ###
#.....a
#.#.#..
####..#.
#.#.#.#
...#.#
#......
...## #
#.#.#.#
#####.#.#.#
#...#.#....


You could see a worker ant and an orc priest.

Vanquished Creatures
  The ghost of luca467 the Insei, an average DsMo (D:3)
  An iguana (D:4)
  An orc wizard (D:4)
  5 gnolls
  5 adders
  5 oozes
  An adder zombie (D:2)
  An adder skeleton (D:2)
  4 worms
  A giant gecko (D:1)
  7 orcs
  2 ball pythons (D:3)
  4 bats
  A bat skeleton (D:2)
  A bat zombie (D:2)
  7 hobgoblins
  2 jackals (D:3)
  4 kobolds
  A quokka (D:3)
  A ball python zombie (D:2)
  3 giant cockroaches
  3 giant newts (D:2)
  6 goblins
  6 rats
73 creatures vanquished.

Vanquished Creatures (collateral kills)
  An orc priest (D:4)
  A worker ant (D:4)
  2 orcs
4 creatures vanquished.

Vanquished Creatures (others)
  A hobgoblin (D:2)
  A goblin (D:2)
2 creatures vanquished.

Grand Total: 79 creatures vanquished

Notes
Turn   | Place    | Note
--------------------------------------------------------------
     0 | D:1      | luca467 the Demonspawn Monk began the quest for the Orb.
     0 | D:1      | Reached XP level 1. HP: 18/18 MP: 1/1
   274 | D:1      | Gained mutation: You are slightly more attuned to the shadows. [demonic ancestry]
   274 | D:1      | Reached XP level 2. HP: 21/24 MP: 2/2
   629 | D:2      | Reached skill level 4 in Unarmed Combat
   630 | D:2      | Found a faded altar to an unknown god.
   676 | D:2      | Found a bloodstained altar of Trog.
   835 | D:2      | Gained mutation: You have sharp toenails. [demonic ancestry]
   835 | D:2      | Reached XP level 3. HP: 22/29 MP: 3/3
  1424 | D:2      | Found a white marble altar of Elyvilon.
  1496 | D:2      | Gained mutation: A weak demonic guardian rushes to your aid. [demonic ancestry]
  1496 | D:2      | Reached XP level 4. HP: 25/35 MP: 4/4
  2296 | D:3      | Found a shattered altar of Ashenzari.
  2609 | D:3      | Gained mutation: You are significantly more attuned to the shadows. [demonic ancestry]
  2609 | D:3      | Reached XP level 5. HP: 41/41 MP: 5/5
  2709 | D:3      | Reached skill level 5 in Unarmed Combat
  2826 | D:3      | Noticed luca467's ghost (average DsMo)
  2879 | D:3      | Killed luca467's ghost
  3145 | D:3      | Gained mutation: You are partially covered in rough black scales (AC +4, Dex -1). [demonic ancestry]
  3145 | D:3      | Reached XP level 6. HP: 48/48 MP: 6/6
  3625 | D:4      | Killed from afar by an orc priest

Vault maps used:
D:1:      noname_arrival_rooms_in_the_neighbourhood
D:2:      bloody_trog, serial_undead, serial_undead_e, serial_undead_b,
          serial_undead_a, serial_undead_b, serial_undead_a, serial_undead_b,
          ecumenical_altar_2, kennysheep_minor_cross, elyvilon_altar_4
D:3:      ashenzari_altar_1
D:4:      kennysheep_pointless_box, kennysheep_path_1

Action                   |  1- 3 |  4- 6 || total
-------------------------+-------+-------++-------
Melee: Unarmed           |    91 |   328 ||   419
  Use: Scroll            |       |     4 ||     4
       Potion            |       |     1 ||     1
 Stab: Sleeping          |     7 |    13 ||    20
  Eat: Chunk             |     1 |     7 ||     8
